 Dungeon Crawl Stone Soup version 0.18-a0-9-gd4dcb6f (webtiles) character file.

28 Hedron the Grasshopper (level 3, -2/32 HPs)
             Began as a Naga Warper on Nov 1, 2015.
             Slain by a worm (4 damage)
             ... on level 2 of the Dungeon.
             The game lasted 00:03:34 (1605 turns).

Hedron the Grasshopper (Naga Warper)                Turns: 1605, Time: 00:03:34

Health: -2/32      AC:  2    Str: 13    XL:     3   Next: 12%
Magic:  6/6        EV:  9    Int: 13    God:
Gold:   55         SH:  0    Dex: 11    Spells: 3 memorised, 1 level left

rFire  . . .     SeeInvis +     a - +0 hand axe
rCold  . . .     Clarity  .     b - +0 leather armour
rNeg   . . .     SustAt   .     (no shield)
rPois  +         Gourm    .     (no helmet)
rElec  .         Spirit   .     (no cloak)
rCorr  .         Warding  .     (no gloves)
rMut   .         Stasis   .     (no barding)
MR     .....                    (no amulet)
Stlth  +.........               (no ring)
                                (no ring)

@: very slow, not resistant to hostile enchantments, very unstealthy
A: see invisible, deformed body, poison resistance, slowness 2, slow metabolism
1, spit poison 2, AC +1
a: Spit Poison


You were on level 2 of the Dungeon.
You were not hungry.

You visited 1 branch of the dungeon, and saw 2 of its levels.

You collected 55 gold pieces.

Inventory:

Hand Weapons
 a - a +0 hand axe (weapon)
Missiles
 e - 5 tomahawks of dispersal (quivered)
 n - 14 poisoned needles
Armour
 b - a +0 leather armour (worn)
Scrolls
 d - a scroll of blinking
Potions
 h - 2 potions of magic
 m - a potion of ambrosia {unknown}
 p - 2 potions of might
Books
 c - a book of Spatial Translocations

   Spells                             Type                      Level
   a - Apportation                    Translocation                1
   b - Blink                          Translocation                2
   c - Shroud of Golubria             Charms/Translocation         2
   d - Portal Projectile              Translocation                3
   e - Teleport Other                 Translocation                3
   f - Passage of Golubria            Translocation                4
Comestibles
 f - 3 bread rations
 j - a royal jelly


   Skills:
 - Level 2.0 Fighting
 + Level 2.4 Axes
 + Level 1.4 Throwing
 - Level 0.7 Armour
 - Level 1.5 Dodging
 + Level 2.3 Spellcasting
 + Level 3.2 Translocations


You had one spell level left.
You knew the following spells:

 Your Spells              Type           Power        Failure   Level  Hunger
a - Apportation           Tloc           ##........   12%         1    #......
b - Blink                 Tloc           N/A          14%         2    ###....
c - Shroud of Golubria    Chrm/Tloc      #.........   28%         2    ###....


Dungeon Overview and Level Annotations

Branches:
Dungeon (2/15)

Altars:


Innate Abilities, Weirdness & Mutations

You cannot wear boots.
Your serpentine skin is tough (AC +1).
You have supernaturally acute eyesight.
Armour fits poorly on your strangely shaped body.
Your system is resistant to poisons.
You cover ground very slowly.
You have a slow metabolism.
You can spit poison.


Message History

You hit the quokka.
The quokka is lightly wounded.
You hit the worm.
The worm is lightly wounded.
You barely miss the adder.
The adder is heavily wounded.
The quokka bites you. The adder bites you.
* * * LOW HITPOINT WARNING * * *
The worm bites you but does no damage.
You closely miss the quokka.
The quokka is lightly wounded.
You closely miss the adder.
The adder is heavily wounded.
You barely miss the worm. The quokka bites you.
* * * LOW HITPOINT WARNING * * *
The adder bites you.
* * * LOW HITPOINT WARNING * * *
The quokka bites you but does no damage.
The worm bites you.
You die...

...#....#...#.#
#.............
##.$..........
.$.........#.
#.r......#..
#..).......
##........
##Sr.####..
#.@w## ###.#.#
#.....#
####.#.###
#......#
##.##..##
##..##.##
#####..###.#
#..........#


You could see a worm, an adder and a quokka.

Vanquished Creatures
  A giant gecko (D:1)
  6 bats (D:1)
  A giant cockroach (D:1)
  6 hobgoblins
  4 kobolds (D:1)
  2 giant newts (D:1)
  2 goblins (D:1)
  3 rats (D:1)
25 creatures vanquished.

Notes
Turn   | Place    | Note
--------------------------------------------------------------
     0 | D:1      | Hedron the Naga Warper began the quest for the Orb.
     0 | D:1      | Reached XP level 1. HP: 19/19 MP: 3/3
   320 | D:1      | Reached skill level 1 in Throwing
   499 | D:1      | Reached XP level 2. HP: 15/26 MP: 5/5
   629 | D:1      | Learned a level 2 spell: Blink
   632 | D:1      | Learned a level 2 spell: Shroud of Golubria
  1299 | D:1      | Reached XP level 3. HP: 28/32 MP: 6/6
  1605 | D:2      | Slain by a worm

Vault maps used:
D:1:      dpeg_arrival_snail, minmay_misc_feat_rows
D:2:      st_stairs_14, uniq_sigmund

Action                   || total
-------------------------++-------
Melee: Hand axe          ||    74
  Use: Scroll            ||     5
  Eat: Chunk             ||     1
